 Seeded DCSS version 0.30.1-6-gbe392663c4 (webtiles) character file.

Game seed: 1416809328348268147 (custom seed)

5491 Psyclone the Thaumaturge (level 10, -8/64 HPs)
             Began as a Deep Elf Ice Elementalist on Sept 20, 2023.
             Was an Initiate of Gozag.
             Killed from afar by an orc wizard (10 damage)
             ... with a puff of flame
             ... on level 9 of the Dungeon.
             The game lasted 00:37:14 (9216 turns).

Psyclone the Thaumaturge (DEIE)                     Turns: 9216, Time: 00:37:14

Health: -8/64      AC: 19    Str:  5    XL:     10   Next: 42%
Magic:  23/29      EV: 16    Int: 31    God:    Gozag
Gold:   272        SH:  0    Dex: 15    Spells: 29/36 levels left

rFire   . . .        o - +1 short sword (vamp)
rCold   . . .        (no shield)
rNeg    . . .        a - +0 robe
rPois   .            (no helmet)
rElec   .            z - +0 cloak
rCorr   .            q - +0 pair of gloves
SInv    .            v - +2 pair of boots
Will    +....        (no amulet)
Stlth   ++           g - +6 ring of intelligence
HPRegen 0.30/turn    c - +4 ring of slaying
MPRegen 0.21/turn

%: no passive effects
@: lethally poisoned (-8 -> -25), ice-armoured, gold aura, freezing walls,
slowed, very slow
A: claws 1, iridescent scales 1, screaming 1
a: Renounce Religion, Potion Petition, Call Merchant, Bribe Branch


You were on level 9 of the Dungeon.
You worshipped Gozag.
Gozag was aware of your devotion.
You visited 2 branches of the dungeon, and saw 10 of its levels.

You collected 1058 gold pieces.
You spent 60 gold pieces at shops.
You paid 726 gold pieces to Gozag.

Inventory:

Hand Weapons
 o - a +1 vampiric short sword (weapon)
Missiles
 p - a throwing net {!f}
Armour
 a - a +0 robe (worn)
 h - a scarf of resistance
 q - a +0 pair of gloves (worn)
 v - a +2 pair of boots (worn)
 z - a +0 cloak (worn)
Jewellery
 c - a +4 ring of slaying (right hand)
 g - a +6 ring of intelligence (left hand)
 r - a ring of protection from cold
 t - a ring of resist corrosion
Wands
 w - a wand of paralysis (12)
 x - a wand of polymorph (10)
Scrolls
 e - 2 scrolls of enchant armour
 i - 5 scrolls of teleportation
 j - 2 scrolls of magic mapping
 l - 2 scrolls of amnesia
 m - a scroll of blinking
 s - 2 scrolls of fog
 u - a scroll of identify {@r1}
Potions
 b - a potion of magic
 d - 3 potions of resistance
 f - 3 potions of lignification
 k - 4 potions of curing
 n - a potion of haste


   Skills:
 - Level 8.0 Fighting
 - Level 8.0 Dodging
 - Level 2.4 Stealth
 + Level 13.9 Spellcasting
 - Level 8.0 Ice Magic


You had 29 spell levels left.
You knew the following spells:

 Your Spells              Type           Power      Damage    Failure   Level
a - Freeze                Ice            100%       1d10      1%          1
b - Frozen Ramparts       Ice            100%       1d16      1%          3
c - Ozocubu's Armour      Ice            63%        N/A       1%          3

Your spell library contained the following spells:

 Spells                   Type           Power      Damage    Failure   Level
 Cigotuvi's Dreadful Rot  Necr/Pois/Air  42%        N/A       3%          2
 Summon Ice Beast         Ice/Summ       46%        N/A       4%          4
 Call Canine Familiar     Summ           21%        N/A       7%          3
 Portal Projectile        Hex/Tloc       42%        N/A       7%          3
 Stone Arrow              Conj/Erth      42%        3d9       7%          3
 Animate Armour           Summ/Erth      42%        N/A       22%         4
 Dispel Undead            Necr           21%        3d11      22%         4
 Leda's Liquefaction      Hex/Erth       10%        N/A       22%         4
 Death Channel            Necr           10%        N/A       98%         6
 Lehudib's Crystal Spear  Conj/Erth      10%        10d4      100%        8


Dungeon Overview and Level Annotations

Branches:
Dungeon (9/15) Zot: 26918  Temple (1/1) D:7 Zot: 5754
   Lair: D:8-11         Orc: D:9-12

Altars:
Ashenzari
Cheibriados
Dithmenos
Elyvilon
Fedhas
Gozag
Hepliaklqana
Kikubaaqudgha
Makhleb
Nemelex Xobeh
Okawaru
Qazlal
Ru
Sif Muna
Trog
Uskayaw
Vehumet
Wu Jian
Xom
Yredelemnul
Zin
The Shining One

Shops:
D:2 *   D:4 *   D:8 :

Annotations:
D:8 2 transporters


Innate Abilities, Weirdness & Mutations

You have sharp fingernails.
You are partially covered in iridescent scales. (AC +2)
You occasionally shout uncontrollably at your foes.


Message History

The kobold brigand throws a curare-tipped dart.
The curare-tipped dart hits you.
You are poisoned.
You have difficulty breathing.
You feel yourself slow down.
You take 7 damage, and have 47/64 hp.
You feel very sick.
The orc wizard gestures wildly while chanting.
The orc wizard flickers and vanishes!
Deactivating autopickup; reactivate with Ctrl-A.
The wall freezes the orc!
You kill the orc!
The kobold brigand throws a curare-tipped dart.
The curare-tipped dart hits you.
You are more poisoned.
You have difficulty breathing.
You feel as though you will be slow longer.
You take 11 damage, and have 36/64 hp.
You feel extremely sick.
The kobold brigand throws a curare-tipped dart.
The curare-tipped dart hits you.
You are lethally poisoned!
You have difficulty breathing.
You feel as though you will be slow longer.
You take 15 damage, and have 21/64 hp.
MASSIVE DAMAGE!!
The frozen ramparts melt away.
* * * LOW HITPOINT WARNING * * *
You feel extremely sick. The kobold brigand closely misses you.
You take 12 damage, and have 9/64 hp.
Casting: Ozocubu's Armour (safe; 1% risk of failure)
Confirm with . or Enter, or press ? or * to list all spells.
Casting: Frozen Ramparts (safe; 1% risk of failure)
Press: ? - help, Dir - look around, f - activate The walls around you are covered in ice.
* * * LOW HITPOINT WARNING * * *
You feel extremely sick.
A puff of flame appears from out of thin air!
The puff of flame hits you!
You die...
Your body crumbles into a pile of gold.

#.#......##.......
.........#.......
#...............
###.....!........
##................
#.................
##...#............
#.....#.K$$....... ###
##......@#.#......
###.#####.....#$$.......
##....#.........#$.......
##....#.....#...#.........
#....###..##....>..{......
#.#.#.#####(.............
..#....###...............
~.~...##.......##.......
~.....#......#.. ..


You could see a kobold brigand.

Vanquished Creatures
  A two-headed ogre (D:8)
  A troll (D:6)
  10 yaks
  An acid dragon (D:8)
  2 water moccasins
  Duvessa (D:4)
  3 ice beasts
  A black bear (D:7)
  An orc warrior (D:5)
  6 centaurs
  3 phantoms
  A scorpion (D:6)
  2 bullfrogs
  Dowan (D:4)
  6 killer bees (D:7)
  A howler monkey (D:4)
  5 jellies
  7 hounds
  7 orc priests
  2 sleepcaps
  4 iguanas
  4 orc wizards
  3 gnolls (D:5)
  6 adders
  A shadow imp (D:6)
  2 white imps
  2 ufetubi
  A worm (D:2)
  3 dart slugs
  27 orcs
  8 ball pythons
  2 bats
  8 endoplasms
  A giant cockroach (D:1)
  4 goblins
  3 hobgoblins
  6 jackals
  3 quokkas
  2 frilled lizards (D:2)
  9 kobolds
  4 rats
165 creatures vanquished.

Notes
Turn   | Place    | Note
-------+----------+-------------------------------------------
     0 | D:1      | Psyclone the Deep Elf Ice Elementalist began the quest for
                  | the Orb.
     0 | D:1      | Reached XP level 1. HP: 10/10 MP: 6/6
     0 | D:1      | Noticed a minotaur
     0 | D:1      | Noticed a gargoyle
     3 | D:1      | Noticed an elf
     5 | D:1      | Noticed a dwarf
     7 | D:1      | Noticed a dwarf
     8 | D:1      | Noticed a vine stalker
    10 | D:1      | Noticed an octopode
    10 | D:1      | Noticed an elf
    12 | D:1      | Noticed an octopode
    14 | D:1      | Noticed a demigod
    14 | D:1      | Noticed a gargoyle
    17 | D:1      | Noticed a demonspawn
    19 | D:1      | Noticed a vampire
    19 | D:1      | Noticed an octopode
   474 | D:1      | Reached XP level 2. HP: 9/15 MP: 6/8
   562 | D:1      | Reached skill level 5 in Ice Magic
  1036 | D:2      | Reached XP level 3. HP: 19/19 MP: 6/9
  1093 | D:2      | Learned a level 3 spell: Frozen Ramparts
  1097 | D:2      | Learned a level 3 spell: Ozocubu's Armour
  1182 | D:2      | Found a sparkling altar of Nemelex Xobeh.
  1231 | D:2      | Found Mockeeb's Assorted Antiques.
  1490 | D:2      | Bought a scroll labelled HEIS VECWECUTE for 21 gold pieces
  1490 | D:2      | Bought a smoky purple potion for 18 gold pieces
  1579 | D:3      | Reached XP level 4. HP: 34/34 MP: 10/10
  1598 | D:3      | Found an ornate altar of the Wu Jian Council.
  1624 | D:3      | Reached XP level 5. HP: 28/38 MP: 6/11
  1772 | D:3      | Found a broken altar of Ashenzari.
  1779 | D:3      | Found a snail-covered altar of Cheibriados.
  1782 | D:3      | Found a hide-covered altar of Uskayaw.
  1782 | D:3      | Found a basalt altar of Yredelemnul.
  1938 | D:3      | Found a bloodstained altar of Trog.
  2019 | D:3      | You fall into a shaft and drop 1 floor!
  2072 | D:4      | Noticed a centaur
  2084 | D:4      | Reached XP level 6. HP: 41/44 MP: 4/12
  2098 | D:4      | Noticed Duvessa
  2117 | D:4      | Noticed Dowan
  2124 | D:4      | Killed Duvessa
  2128 | D:4      | Killed Dowan
  2129 | D:4      | Reached XP level 7. HP: 9/48 MP: 0/13
  2686 | D:4      | Found Fateuv's General Store.
  3245 | D:4      | Gained mutation: You expend magic power (3 MP) to
                  | strengthen your wands. [potion of mutation]
  3246 | D:4      | Lost mutation: You expend magic power (3 MP) to strengthen
                  | your wands. [potion of mutation]
  3246 | D:4      | Gained mutation: You occasionally shout uncontrollably at
                  | your foes. [potion of mutation]
  3246 | D:4      | Gained mutation: You are partially covered in iridescent
                  | scales. (AC +2) [potion of mutation]
  3246 | D:4      | Gained mutation: You have sharp fingernails. [potion of
                  | mutation]
  3259 | D:5      | Entered Level 5 of the Dungeon
  3679 | D:5      | Reached skill level 4 in Spellcasting
  3886 | D:5      | Reached XP level 8. HP: 46/53 MP: 14/16
  3986 | D:5      | Reached skill level 5 in Spellcasting
  4660 | D:6      | Found an opulent altar of Gozag.
  4667 | D:6      | Became a worshipper of Gozag Ym Sagoz the Greedy
  4691 | D:6      | Noticed a troll
  4712 | D:6      | Killed a troll
  4713 | D:6      | Reached skill level 6 in Spellcasting
  5215 | D:6      | Reached skill level 7 in Spellcasting
  5453 | D:6      | Reached XP level 9. HP: 38/59 MP: 15/22
  5829 | D:6      | Reached skill level 8 in Spellcasting
  6136 | D:2      | Bought a scroll labelled XYCWENOHEU for 21 gold pieces
  6651 | D:7      | Reached skill level 9 in Spellcasting
  6682 | D:7      | Reached skill level 10 in Spellcasting
  7354 | D:7      | Reached skill level 11 in Spellcasting
  7478 | D:7      | Found a staircase to the Ecumenical Temple.
  7487 | Temple   | Entered the Ecumenical Temple
  8180 | D:8      | Found a transporter.
  8188 | D:8      | Noticed a two-headed ogre
  8202 | D:8      | Killed a two-headed ogre
  8203 | D:8      | Reached skill level 12 in Spellcasting
  8203 | D:8      | Reached XP level 10. HP: 52/64 MP: 14/28
  8321 | D:8      | Found a transporter.
  8358 | D:8      | Reached skill level 13 in Spellcasting
  8801 | D:8      | Found a radiant altar of Vehumet.
  8801 | D:8      | Found a shadowy altar of Dithmenos.
  9216 | D:9      | HP: 2/64 [poisoned by a kobold brigand (curare-tipped
                  | dart)]
  9216 | D:9      | Killed from afar by an orc wizard

Illustrated notes

Levels and vault maps discovered:
D:1:      shiori_arrival_whats_in_store_for_you, layout_basic
D:2:      layout_rooms, serial_shops, shop, basic_altar
D:3:      layout_rooms, lemuel_tele_altar, nicolae_overflow_hallway_of_the_gods,
          chequers_serial_rivers_small_3
D:4:      layout_cave_pods, serial_shops, kennysheep_mini, uniq_duvessa
D:5:      layout_basic
D:6:      layout_layer_cave, grunt_gozag_statues
D:7:      layout_basic, minmay_temple_entry_poolview
D:8:      gammafunk_steamed_eel, layout_layer_cave,
          gammafunk_temple_overflow_wave, minmay_door_square
D:9:      layout_cross, erik_lair_orcish_takeover,
          chequers_serial_rivers_micro_c
Temple:   nicolae_temple_figure_eight

Skill      XL: |  1  2  3  4  5  6  7  8  9 10 |
---------------+-------------------------------+-----
Ice Magic      | 5 6 7 8 |  8.0
Fighting       | 7 8 |  8.0
Dodging        | 7 8 |  8.0
Spellcasting   | 4 7 12 13 | 13.9
Stealth        | |  2.4

Action                     |  1- 3 |  4- 6 |  7- 9 | 10-12 || total
---------------------------+-------+-------+-------+-------++-------
  Melee: Dagger            |    26 |    23 |       |       ||    49
         Punch             |       |     1 |     1 |       ||     2
         Short sword       |       |       |   206 |       ||   206
   Cast: Freeze            |    29 |     8 |    38 |    12 ||    87
         Frozen Ramparts   |     4 |    12 |    52 |     7 ||    75
         Ozocubu's Armour  |       |     3 |    17 |     4 ||    24
 Invoke: Call Merchant     |       |       |       |     1 ||     1
    Use: Scroll            |     5 |     2 |     6 |     1 ||    14
         Potion            |     1 |     1 |     3 |       ||     5
   Stab: Sleeping          |     6 |     1 |       |       ||     7
 Armour: Robe              |     8 |     9 |    95 |    13 ||   125
  Dodge: Dodged            |    29 |    37 |   221 |    24 ||   311
